General information
- name: BNet
- type: Ladder team game (AT/RT)
- host: Battle.net
- saver: sc2no.wc4yes
map: FullScaleAssault
- players: 8
- length: 90:07
- speed: Fast
- version: 1.26 W3XP
- replay type: Public
» download(420 KB)
Players
team 1 (winner)
WC_WOLF (
red | 53 APM | 2948 actions | 55:07)
7 Blademaster
3 Wind Walk
3 Critical Strike
1 Bladestorm
7 Tauren Chieftain
3 Endurance Aura
3 War Stomp
1 Reincarnation
» actions
| Assign group hotkey | 34 | |
| Basic commands | 268 | |
| Build / train | 100 | |
| ESC pressed | 15 | |
| Enter build submenu | 19 | |
| Enter hero's abilities submenu | 14 | |
| Give item / drop item | 16 | |
| Right click | 894 | |
| Select / deselect | 595 | |
| Select group hotkey | 752 | |
| Use ability | 241 | |
2948 total
» units
| Peon | 10 | |
| Troll Batrider | 30 | |
| Kodo Beast | 1 | |
| Goblin Shredder | 1 | |
| Goblin Zeppelin | 1 | |
43 total
» upgrades
| Spiked Barricades | 1 | |
| Ranged Weapons | 3 | |
| Liquid Fire | 1 | |
5 total
» buildings
| Orc Burrow | 5 | |
| Altar of Storms | 1 | |
| Voodoo Lounge | 1 | |
| War Mill | 2 | |
| Watch Tower | 3 | |
| Stronghold | 1 | |
| Beastiary | 2 | |
| Fortress | 1 | |
16 total
» build order
00:08 Orc Burrow
00:12 Altar of Storms
00:24 Voodoo Lounge
01:23 War Mill
01:28 War Mill
02:42 Watch Tower
03:00 Watch Tower
03:13 Stronghold
03:41 Orc Burrow
04:38 Watch Tower
04:42 Orc Burrow
06:08 Beastiary
06:12 Beastiary
07:11 Fortress
07:17 Orc Burrow
18:56 Orc Burrow
» items
| Healing Salve | 6 | |
| Lesser Clarity Potion | 5 | |
| Boots of Speed | 2 | |
| Circlet of Nobility | 5 | |
| Orb of Lightning | 2 | |
| Periapt of Vitality | 1 | |
| Potion of Lesser Invulnerability | 3 | |
| Orb of Fire | 1 | |
| Scroll of Town Portal | 3 | |
| Potion of Healing | 2 | |
30 total

»
sc2no.wc4yes (
orange | 57 APM | 5132 actions | 90:07)
10 Blademaster
3 Wind Walk
3 Critical Strike
1 Bladestorm
3 Mirror Image
» actions
| Assign group hotkey | 103 | |
| Basic commands | 155 | |
| Build / train | 108 | |
| ESC pressed | 13 | |
| Enter build submenu | 230 | |
| Enter hero's abilities submenu | 10 | |
| Give item / drop item | 9 | |
| Right click | 1696 | |
| Select / deselect | 860 | |
| Select group hotkey | 1366 | |
| Use ability | 582 | |
5132 total
» units
| Peon | 36 | |
| Goblin Shredder | 2 | |
| Goblin Zeppelin | 4 | |
| Wind Rider | 3 | |
| Blue Dragon | 4 | |
49 total
» upgrades
| Pillage | 1 | |
| Spiked Barricades | 4 | |
| Reinforced Defenses | 1 | |
| Envenomed Spears | 1 | |
| Ranged Weapons | 3 | |
| Armor | 3 | |
13 total
» buildings
| Altar of Storms | 1 | |
| Orc Burrow | 6 | |
| War Mill | 110 | |
| Voodoo Lounge | 4 | |
| Watch Tower | 201 | |
| Stronghold | 4 | |
| Great Hall | 2 | |
| Fortress | 2 | |
| Beastiary | 9 | |
339 total
» build order
00:10 Altar of Storms
00:13 Orc Burrow
00:53 War Mill
01:02 Voodoo Lounge
01:51 Orc Burrow
02:41 Watch Tower
04:55 Watch Tower
04:55 Watch Tower
04:56 Watch Tower
04:57 Watch Tower
05:25 Stronghold
05:43 Watch Tower
06:01 Watch Tower
06:02 Watch Tower
06:03 Watch Tower
06:35 Great Hall
06:54 Voodoo Lounge
07:41 Watch Tower
07:42 Watch Tower
07:43 Watch Tower
08:11 Watch Tower
08:21 Watch Tower
08:32 Watch Tower
08:47 Watch Tower
08:53 Watch Tower
09:23 Orc Burrow
09:27 Watch Tower
09:30 Watch Tower
09:33 Watch Tower
09:34 Watch Tower
09:46 Watch Tower
09:50 Watch Tower
09:53 Watch Tower
10:09 Fortress
10:09 Fortress
10:27 Watch Tower
10:37 Watch Tower
10:49 Great Hall
10:55 Watch Tower
11:16 Orc Burrow
11:20 Watch Tower
11:21 Watch Tower
12:33 Watch Tower
13:15 Watch Tower
13:16 Watch Tower
13:17 Watch Tower
13:36 Watch Tower
13:37 Watch Tower
13:37 Watch Tower
13:37 Watch Tower
13:51 Watch Tower
14:26 Watch Tower
14:26 Watch Tower
14:26 Watch Tower
15:00 Watch Tower
15:01 Watch Tower
15:01 Watch Tower
15:01 Watch Tower
15:04 Watch Tower
15:05 Watch Tower
15:05 Watch Tower
15:22 Watch Tower
15:23 Watch Tower
15:23 Watch Tower
15:23 Watch Tower
15:46 Watch Tower
15:46 Watch Tower
16:03 Voodoo Lounge
16:13 Watch Tower
16:14 Watch Tower
16:14 Watch Tower
16:50 Watch Tower
16:51 Watch Tower
16:55 Watch Tower
16:55 Watch Tower
17:12 Watch Tower
18:33 Watch Tower
18:34 Watch Tower
18:34 Watch Tower
18:34 Watch Tower
18:35 Watch Tower
18:37 Watch Tower
18:37 Watch Tower
18:37 Watch Tower
18:41 Watch Tower
18:41 Watch Tower
18:42 Watch Tower
18:42 Watch Tower
20:04 Watch Tower
20:05 Watch Tower
20:05 Watch Tower
20:05 Watch Tower
20:06 Watch Tower
20:10 Watch Tower
20:10 Watch Tower
20:11 Watch Tower
20:11 Watch Tower
20:12 Watch Tower
21:04 Watch Tower
21:04 Watch Tower
21:04 Watch Tower
21:05 Watch Tower
21:05 Watch Tower
21:14 Watch Tower
21:15 Watch Tower
21:15 Watch Tower
21:15 Watch Tower
21:16 Watch Tower
21:18 Watch Tower
21:19 Watch Tower
21:20 Watch Tower
21:20 Watch Tower
21:46 Watch Tower
22:14 Watch Tower
22:14 Watch Tower
22:14 Watch Tower
22:15 Watch Tower
22:15 Watch Tower
22:32 Watch Tower
22:32 Watch Tower
22:33 Watch Tower
22:33 Watch Tower
23:07 Watch Tower
24:07 Watch Tower
24:07 Watch Tower
24:08 Watch Tower
24:08 Watch Tower
24:17 Watch Tower
24:17 Watch Tower
24:18 Watch Tower
24:18 Watch Tower
24:18 Watch Tower
25:24 Watch Tower
25:24 Watch Tower
25:24 Watch Tower
26:13 Watch Tower
26:14 Watch Tower
26:14 Watch Tower
26:15 Watch Tower
26:54 Watch Tower
26:55 Watch Tower
26:55 Watch Tower
26:55 Watch Tower
27:03 Watch Tower
27:04 Watch Tower
27:04 Watch Tower
27:05 Watch Tower
27:16 Watch Tower
27:32 Watch Tower
27:33 Watch Tower
27:33 Watch Tower
27:34 Watch Tower
28:23 Watch Tower
28:24 Watch Tower
29:01 Watch Tower
29:04 Watch Tower
29:05 Watch Tower
29:05 Watch Tower
29:05 Watch Tower
29:11 Watch Tower
29:20 War Mill
29:20 War Mill
29:20 War Mill
29:20 War Mill
29:21 War Mill
29:21 War Mill
29:21 War Mill
29:21 War Mill
29:22 War Mill
29:22 War Mill
29:23 War Mill
29:23 War Mill
29:23 War Mill
29:23 War Mill
29:24 War Mill
29:24 War Mill
29:25 War Mill
29:25 War Mill
29:25 War Mill
29:25 War Mill
29:26 War Mill
29:26 War Mill
29:26 War Mill
29:26 War Mill
29:27 War Mill
29:27 War Mill
29:27 War Mill
29:27 War Mill
29:28 War Mill
29:28 War Mill
29:28 War Mill
29:29 War Mill
29:29 War Mill
29:29 War Mill
29:29 War Mill
29:30 War Mill
29:30 War Mill
29:30 War Mill
29:31 War Mill
29:31 War Mill
29:31 War Mill
29:32 War Mill
29:32 War Mill
29:32 War Mill
29:33 War Mill
29:33 War Mill
29:33 War Mill
29:34 War Mill
29:34 War Mill
29:34 War Mill
29:35 War Mill
29:35 War Mill
30:40 Watch Tower
30:40 Watch Tower
30:41 Watch Tower
30:41 Watch Tower
30:41 Watch Tower
31:05 Watch Tower
31:06 Watch Tower
31:06 Watch Tower
31:06 Watch Tower
31:07 Watch Tower
31:07 Watch Tower
31:09 Watch Tower
31:40 Watch Tower
31:41 Watch Tower
32:33 Watch Tower
32:33 Watch Tower
32:33 Watch Tower
32:37 Watch Tower
32:37 Watch Tower
32:38 Watch Tower
32:38 Watch Tower
32:39 Watch Tower
32:39 Watch Tower
32:44 War Mill
32:44 War Mill
32:44 War Mill
32:44 War Mill
32:45 War Mill
32:45 War Mill
32:45 War Mill
32:45 War Mill
33:31 Voodoo Lounge
35:40 Beastiary
35:41 Beastiary
35:41 Beastiary
35:42 Beastiary
35:46 Beastiary
35:47 Beastiary
35:51 Beastiary
35:51 Beastiary
35:52 Beastiary
36:00 War Mill
36:00 War Mill
36:00 War Mill
36:01 War Mill
36:01 War Mill
36:01 War Mill
36:02 War Mill
36:02 War Mill
36:03 War Mill
36:03 War Mill
36:04 War Mill
36:04 War Mill
40:16 Orc Burrow
50:00 Orc Burrow
54:43 Watch Tower
54:45 Watch Tower
54:45 Watch Tower
54:45 Watch Tower
54:46 Watch Tower
54:47 Watch Tower
54:48 Watch Tower
54:49 Watch Tower
54:51 Watch Tower
54:54 Watch Tower
54:56 Watch Tower
54:58 Watch Tower
55:00 Watch Tower
55:01 Watch Tower
55:03 Watch Tower
55:05 Watch Tower
55:13 Watch Tower
55:14 Watch Tower
55:15 Watch Tower
55:16 Watch Tower
61:49 Stronghold
61:49 Stronghold
» items
| Scroll of Speed | 2 | |
| Lesser Clarity Potion | 4 | |
| Healing Salve | 6 | |
| Boots of Speed | 1 | |
| Dust of Appearance | 1 | |
| Staff of Teleportation | 1 | |
| Orb of Lightning | 3 | |
| Tiny Great Hall | 2 | |
| Potion of Mana | 1 | |
| Potion of Healing | 1 | |
22 total
Killroy (
green | 28 APM | 1481 actions | 52:40)
8 Archmage
3 Summon Water Elemental
3 Brilliance Aura
1 Mass Teleport
1 Blizzard
» actions
| Assign group hotkey | 18 | |
| Basic commands | 2 | |
| Build / train | 95 | |
| Enter build submenu | 25 | |
| Enter hero's abilities submenu | 8 | |
| Give item / drop item | 1 | |
| Right click | 593 | |
| Select / deselect | 349 | |
| Select group hotkey | 306 | |
| Use ability | 84 | |
1481 total
» units
| Peasant | 15 | |
| Sorceress | 6 | |
| Priest | 8 | |
| Mortar Team | 4 | |
| Blue Drake | 2 | |
| Flying Machine | 8 | |
| Siege Engine | 5 | |
48 total
» upgrades
| Lumber Harvesting | 2 | |
| Gunpowder | 3 | |
| Armor | 3 | |
| Priest Training | 2 | |
| Sorceress Training | 2 | |
| Masonry | 3 | |
| Fragmentation Shards | 1 | |
| Flare | 1 | |
| Flak Cannons | 1 | |
| Flying Machine Bombs | 1 | |
| Plating | 1 | |
| Barrage | 1 | |
21 total
» buildings
| Farm | 14 | |
| Altar of Kings | 1 | |
| Arcane Vault | 1 | |
| Scout Tower | 6 | |
| Arcane Tower | 1 | |
| Lumber Mill | 2 | |
| Keep | 1 | |
| Guard Tower | 3 | |
| Blacksmith | 1 | |
| Castle | 1 | |
| Arcane Sanctum | 1 | |
| Town Hall | 2 | |
| Workshop | 3 | |
37 total
» build order
01:03 Farm
01:08 Altar of Kings
01:52 Arcane Vault
02:01 Farm
03:04 Farm
03:09 Scout Tower
03:39 Arcane Tower
03:45 Lumber Mill
03:54 Scout Tower
04:07 Lumber Mill
04:33 Keep
05:12 Guard Tower
06:37 Blacksmith
07:00 Castle
07:08 Arcane Sanctum
07:46 Town Hall
07:52 Scout Tower
07:53 Scout Tower
08:11 Workshop
08:21 Workshop
08:25 Workshop
08:39 Farm
08:53 Guard Tower
08:59 Farm
09:01 Farm
09:32 Farm
09:53 Farm
10:29 Scout Tower
10:30 Scout Tower
10:57 Farm
12:27 Guard Tower
21:35 Farm
22:43 Farm
22:45 Farm
22:46 Farm
22:47 Farm
38:04 Town Hall
» items
| Scroll of Regeneration | 1 | |
| Lesser Clarity Potion | 1 | |
| Potion of Healing | 4 | |
| Orb of Lightning | 1 | |
| Scroll of Town Portal | 2 | |
| Orb of Fire | 1 | |
| Potion of Mana | 1 | |
11 total
elfloard2 (
teal | 34 APM | 3019 actions | 89:55)
9 Demon Hunter
3 Immolation
3 Evasion
1 Metamorphosis
2 Mana Burn
» actions
| Assign group hotkey | 15 | |
| Build / train | 121 | |
| ESC pressed | 2 | |
| Enter build submenu | 40 | |
| Enter hero's abilities submenu | 9 | |
| Give item / drop item | 1 | |
| Remove unit from queue | 6 | |
| Right click | 1933 | |
| Select / deselect | 636 | |
| Select group hotkey | 84 | |
| Use ability | 169 | |
3019 total
» units
| Wisp | 43 | |
| Archer | 1 | |
| Huntress | 7 | |
| Dryad | 16 | |
| Druid of the Claw | 1 | |
| Mountain Giant | 3 | |
| Hippogryph | 3 | |
| Goblin Zeppelin | 1 | |
| Blue Dragon Whelp | 1 | |
| Blue Dragon | 1 | |
| Blue Drake | 1 | |
78 total
» upgrades
| Moon Armor | 1 | |
| Strength of the Moon | 1 | |
| Abolish Magic | 1 | |
| Reinforced Hides | 3 | |
| Strength of the Wild | 3 | |
| Well Spring | 1 | |
| Ultravision | 1 | |
| Hardened Skin | 1 | |
| Resistant Skin | 1 | |
| Nature's Blessing | 1 | |
14 total
» buildings
| Altar of Elders | 3 | |
| Moon Well | 12 | |
| Ancient of War | 3 | |
| Hunter's Hall | 1 | |
| Ancient of Wonders | 1 | |
| Tree of Ages | 2 | |
| Ancient of Lore | 2 | |
| Ancient Protector | 2 | |
| Tree of Life | 9 | |
| Tree of Eternity | 1 | |
| Ancient of Wind | 2 | |
38 total
» build order
00:07 Altar of Elders
00:10 Moon Well
00:38 Ancient of War
01:56 Hunter's Hall
02:34 Moon Well
02:43 Ancient of Wonders
02:53 Moon Well
04:15 Ancient of War
04:57 Ancient of War
05:49 Moon Well
06:07 Moon Well
06:55 Tree of Ages
09:39 Ancient of Lore
09:45 Ancient of Lore
09:57 Moon Well
10:05 Moon Well
10:26 Ancient Protector
10:59 Ancient Protector
13:52 Tree of Life
22:17 Tree of Eternity
23:29 Moon Well
38:50 Tree of Life
40:10 Ancient of Wind
40:27 Ancient of Wind
62:21 Moon Well
63:23 Altar of Elders
64:32 Tree of Life
72:16 Tree of Ages
74:07 Tree of Life
77:54 Tree of Life
78:02 Tree of Life
78:15 Tree of Life
80:42 Moon Well
80:51 Moon Well
81:16 Moon Well
81:30 Tree of Life
81:50 Altar of Elders
82:54 Tree of Life
» items
| Dust of Appearance | 1 | |
| Lesser Clarity Potion | 1 | |
| Scroll of Town Portal | 2 | |
| Scroll of Protection | 1 | |
| Potion of Healing | 4 | |
| Scroll of Speed | 1 | |
| Healing Salve | 2 | |
12 total
team 2 (loser)

»
BBR49 (
yellow | 47 APM | 1251 actions | 26:30)
3 Priestess of the Moon
1 Searing Arrows
2 Trueshot Aura
3 Keeper of the Grove
2 Entangling Roots
1 Thorns Aura
» actions
| Basic commands | 158 | |
| Build / train | 66 | |
| Enter build submenu | 18 | |
| Enter hero's abilities submenu | 6 | |
| Right click | 483 | |
| Select / deselect | 485 | |
| Use ability | 34 | |
1251 total
» units
| Wisp | 12 | |
| Huntress | 4 | |
| Hippogryph | 6 | |
| Chimaera | 13 | |
| Glaive Thrower | 4 | |
39 total
» upgrades
| Strength of the Wild | 2 | |
| Corrosive Breath | 1 | |
| Well Spring | 1 | |
4 total
» buildings
| Altar of Elders | 1 | |
| Moon Well | 7 | |
| Hunter's Hall | 1 | |
| Ancient of War | 1 | |
| Ancient of Wonders | 1 | |
| Ancient Protector | 1 | |
| Tree of Ages | 1 | |
| Tree of Eternity | 4 | |
| Ancient of Wind | 2 | |
| Chimaera Roost | 2 | |
| Ancient of Lore | 2 | |
23 total
» build order
00:22 Altar of Elders
00:34 Moon Well
01:30 Hunter's Hall
01:44 Ancient of War
02:02 Moon Well
02:36 Ancient of Wonders
02:52 Ancient Protector
03:23 Tree of Ages
04:24 Moon Well
06:06 Tree of Eternity
06:06 Tree of Eternity
06:06 Tree of Eternity
06:30 Moon Well
07:27 Ancient of Wind
07:35 Ancient of Wind
08:16 Moon Well
08:54 Chimaera Roost
08:56 Chimaera Roost
09:12 Moon Well
12:32 Moon Well
21:10 Ancient of Lore
21:14 Ancient of Lore
» items
ggyy1 (
pink | 79 APM | 2605 actions | 33:05)
4 Mountain King
2 Thunder Clap
2 Storm Bolt
5 Paladin
3 Holy Light
2 Divine Shield
» actions
| Assign group hotkey | 53 | |
| Basic commands | 31 | |
| Build / train | 116 | |
| Enter build submenu | 25 | |
| Enter hero's abilities submenu | 9 | |
| Give item / drop item | 2 | |
| Remove unit from queue | 5 | |
| Right click | 1189 | |
| Select / deselect | 416 | |
| Select group hotkey | 599 | |
| Use ability | 160 | |
2605 total
» units
| Peasant | 18 | |
| Priest | 9 | |
| Mortar Team | 10 | |
| Goblin Zeppelin | 1 | |
| Knight | 8 | |
| Goblin Shredder | 1 | |
47 total
» upgrades
| Masonry | 3 | |
| Gunpowder | 3 | |
| Swords | 3 | |
| Flare | 1 | |
| Priest Training | 2 | |
| Plating | 3 | |
| Fragmentation Shards | 1 | |
| Barrage | 1 | |
| Animal War Training | 1 | |
| Armor | 3 | |
21 total
» buildings
| Lumber Mill | 1 | |
| Altar of Kings | 1 | |
| Farm | 14 | |
| Scout Tower | 1 | |
| Arcane Tower | 2 | |
| Town Hall | 2 | |
| Keep | 4 | |
| Blacksmith | 3 | |
| Arcane Vault | 1 | |
| Workshop | 3 | |
| Arcane Sanctum | 1 | |
| Castle | 1 | |
| Barracks | 2 | |
36 total
» build order
00:14 Lumber Mill
00:16 Altar of Kings
00:21 Farm
00:55 Farm
01:03 Scout Tower
01:36 Farm
01:54 Arcane Tower
01:54 Arcane Tower
03:32 Town Hall
04:35 Keep
04:35 Keep
04:42 Blacksmith
05:08 Arcane Vault
05:15 Farm
07:02 Workshop
07:02 Workshop
07:07 Arcane Sanctum
07:11 Farm
07:11 Farm
08:27 Farm
08:39 Castle
10:03 Barracks
10:19 Farm
12:54 Barracks
14:20 Town Hall
18:18 Workshop
19:42 Farm
19:42 Farm
20:31 Blacksmith
21:14 Farm
21:29 Blacksmith
22:04 Farm
24:29 Farm
24:29 Farm
» items
| Orb of Fire | 1 | |
| Potion of Mana | 1 | |
| Scroll of Town Portal | 1 | |
| Staff of Teleportation | 1 | |
| Boots of Speed | 1 | |
| Periapt of Vitality | 1 | |
| Scroll of Healing | 1 | |
| Scroll of Protection | 1 | |
| Scroll of Regeneration | 1 | |
9 total

»
FWisfatworth (
purple | 44 APM | 3971 actions | 90:05)
10 Death Knight
3 Death Coil
3 Unholy Aura
1 Animate Dead
3 Death Pact
8 Lich
3 Frost Nova
3 Dark Ritual
1 Death and Decay
1 Frost Armor
9 Dreadlord
2 Carrion Swarm
3 Vampiric Aura
3 Sleep
1 Inferno
4 Priestess of the Moon
1 Searing Arrows
1 Trueshot Aura
1 Starfall
1 Scout
2 Mountain King
1 Storm Bolt
1 Avatar
» actions
| Assign group hotkey | 77 | |
| Basic commands | 136 | |
| Build / train | 183 | |
| ESC pressed | 28 | |
| Enter build submenu | 44 | |
| Enter hero's abilities submenu | 36 | |
| Give item / drop item | 14 | |
| Right click | 1384 | |
| Select / deselect | 799 | |
| Select group hotkey | 898 | |
| Use ability | 372 | |
3971 total
» units
| Acolyte | 33 | |
| Ghoul | 14 | |
| Goblin Shredder | 2 | |
| Goblin Zeppelin | 2 | |
| Frost Wyrm | 5 | |
| Blue Dragon | 1 | |
| Blue Dragon Whelp | 1 | |
| Mortar Team | 16 | |
| Knight | 5 | |
| Mountain Giant | 1 | |
| Wisp | 2 | |
| Obsidian Statue | 1 | |
| Meatwagon | 6 | |
| Gargoyle | 5 | |
| Mur'gul Snarecaster | 2 | |
96 total
» upgrades
| Creature Carapace | 3 | |
| Freezing Breath | 1 | |
| Creature Attack | 3 | |
| Unholy Strength | 3 | |
| Unholy Armor | 3 | |
| Backpack | 1 | |
| Burrow | 1 | |
| Web | 1 | |
| Stone Form | 1 | |
| Ghoul Frenzy | 1 | |
| Cannibalize | 1 | |
| Druid of the Claw Training | 1 | |
| Reinforced Hides | 1 | |
| Exhume Corpses | 1 | |
| Disease Cloud | 1 | |
| Destroyer Form | 1 | |
24 total
» buildings
| Crypt | 4 | |
| Altar of Darkness | 1 | |
| Ziggurat | 11 | |
| Graveyard | 132 | |
| Halls of the Dead | 1 | |
| Necropolis | 2 | |
| Black Citadel | 1 | |
| Sacrificial Pit | 1 | |
| Boneyard | 3 | |
| Tomb of Relics | 1 | |
| Nerubian Tower | 5 | |
| Ancient of Lore | 2 | |
| Slaughterhouse | 7 | |
| Temple of the Damned | 3 | |
174 total
» build order
00:11 Crypt
00:22 Altar of Darkness
00:35 Ziggurat
01:19 Graveyard
01:40 Ziggurat
05:30 Ziggurat
05:35 Ziggurat
05:39 Halls of the Dead
08:29 Ziggurat
08:33 Ziggurat
08:40 Necropolis
08:46 Necropolis
10:15 Black Citadel
10:19 Sacrificial Pit
13:30 Boneyard
13:34 Boneyard
13:40 Boneyard
13:46 Tomb of Relics
17:12 Ziggurat
17:53 Ziggurat
18:18 Ziggurat
22:43 Nerubian Tower
23:39 Graveyard
23:40 Graveyard
23:40 Graveyard
23:41 Graveyard
23:41 Graveyard
23:41 Graveyard
23:42 Graveyard
23:42 Graveyard
23:42 Graveyard
23:42 Graveyard
23:43 Graveyard
23:43 Graveyard
23:43 Graveyard
23:43 Graveyard
23:44 Graveyard
23:44 Graveyard
23:44 Graveyard
23:45 Graveyard
23:45 Graveyard
23:45 Graveyard
23:46 Graveyard
23:46 Graveyard
23:46 Graveyard
23:47 Graveyard
23:47 Graveyard
23:47 Graveyard
24:11 Nerubian Tower
24:14 Nerubian Tower
24:20 Nerubian Tower
24:27 Nerubian Tower
26:52 Graveyard
26:53 Graveyard
26:54 Graveyard
26:55 Graveyard
26:55 Graveyard
26:56 Graveyard
26:57 Graveyard
26:58 Graveyard
30:56 Graveyard
30:56 Graveyard
30:57 Graveyard
30:57 Graveyard
30:57 Graveyard
30:58 Graveyard
30:58 Graveyard
30:58 Graveyard
30:59 Graveyard
30:59 Graveyard
30:59 Graveyard
31:00 Graveyard
31:00 Graveyard
31:00 Graveyard
31:01 Graveyard
31:01 Graveyard
31:01 Graveyard
31:02 Graveyard
31:02 Graveyard
31:02 Graveyard
31:02 Graveyard
31:03 Graveyard
31:03 Graveyard
31:03 Graveyard
31:04 Graveyard
38:05 Ancient of Lore
38:11 Ancient of Lore
63:18 Slaughterhouse
63:19 Slaughterhouse
63:20 Slaughterhouse
63:21 Slaughterhouse
63:22 Slaughterhouse
63:29 Ziggurat
63:30 Ziggurat
63:42 Slaughterhouse
82:55 Crypt
82:57 Crypt
82:57 Crypt
89:52 Slaughterhouse
89:56 Temple of the Damned
89:57 Temple of the Damned
89:58 Temple of the Damned
» items
| Scroll of Regeneration | 1 | |
| Scroll of Town Portal | 3 | |
| Orb of Corruption | 2 | |
| Potion of Healing | 1 | |
| Potion of Mana | 3 | |
| Rod of Necromancy | 1 | |
| Dust of Appearance | 2 | |
| Scroll of Healing | 3 | |
| Boots of Speed | 3 | |
| Periapt of Vitality | 1 | |
20 total
yauOie2121 (
blue | 29 APM | 2165 actions | 74:32)
7 Mountain King
2 Storm Bolt
3 Bash
1 Thunder Clap
1 Avatar
4 Paladin
2 Divine Shield
1 Holy Light
1 Devotion Aura
2 Priestess of the Moon
2 Searing Arrows
» actions
| Basic commands | 5 | |
| Build / train | 140 | |
| Enter build submenu | 54 | |
| Enter hero's abilities submenu | 14 | |
| Give item / drop item | 23 | |
| Right click | 1002 | |
| Select / deselect | 664 | |
| Use ability | 263 | |
2165 total
» units
| Peasant | 20 | |
| Footman | 12 | |
| Knight | 15 | |
| Mur'gul Snarecaster | 1 | |
| Priest | 9 | |
| Siege Engine | 5 | |
| Chimaera | 10 | |
| Dryad | 2 | |
| Mortar Team | 8 | |
| Wisp | 2 | |
84 total
» upgrades
| Lumber Harvesting | 2 | |
| Plating | 1 | |
| Swords | 3 | |
| Backpack | 1 | |
| Priest Training | 2 | |
| Barrage | 1 | |
| Abolish Magic | 1 | |
| Fragmentation Shards | 1 | |
| Magic Sentry | 1 | |
13 total
» buildings
| Altar of Kings | 2 | |
| Barracks | 1 | |
| Farm | 12 | |
| Scout Tower | 25 | |
| Lumber Mill | 1 | |
| Keep | 1 | |
| Guard Tower | 13 | |
| Blacksmith | 1 | |
| Arcane Vault | 1 | |
| Castle | 1 | |
| Arcane Sanctum | 1 | |
| Town Hall | 4 | |
| Workshop | 1 | |
| Ancient Protector | 5 | |
69 total
» build order
00:11 Altar of Kings
00:16 Barracks
00:21 Farm
01:07 Farm
01:55 Farm
02:34 Scout Tower
02:44 Lumber Mill
03:17 Keep
04:03 Guard Tower
04:06 Scout Tower
04:14 Blacksmith
04:43 Farm
05:21 Farm
05:27 Guard Tower
05:58 Arcane Vault
06:47 Castle
07:04 Farm
08:09 Scout Tower
08:49 Farm
09:14 Guard Tower
10:49 Farm
11:20 Arcane Sanctum
13:25 Farm
14:27 Town Hall
14:37 Scout Tower
16:41 Scout Tower
17:01 Scout Tower
17:06 Scout Tower
17:08 Guard Tower
18:26 Guard Tower
18:31 Guard Tower
18:35 Guard Tower
20:54 Workshop
21:05 Town Hall
21:47 Farm
22:25 Farm
22:41 Scout Tower
22:47 Scout Tower
22:54 Scout Tower
23:18 Scout Tower
23:22 Scout Tower
23:26 Scout Tower
23:42 Guard Tower
23:45 Guard Tower
24:17 Scout Tower
24:20 Guard Tower
24:27 Scout Tower
24:52 Scout Tower
24:56 Guard Tower
25:00 Scout Tower
25:27 Guard Tower
25:43 Guard Tower
28:55 Town Hall
30:13 Scout Tower
30:15 Scout Tower
30:17 Scout Tower
30:19 Scout Tower
30:24 Scout Tower
30:57 Scout Tower
31:00 Scout Tower
39:15 Ancient Protector
39:18 Ancient Protector
39:23 Ancient Protector
41:11 Town Hall
41:17 Scout Tower
41:25 Ancient Protector
41:31 Ancient Protector
51:10 Altar of Kings
52:35 Farm
» items
| Scroll of Regeneration | 3 | |
| Scroll of Town Portal | 5 | |
| Lesser Clarity Potion | 2 | |
10 total
Chat log
(00:39 / Allies) WC_WOLF: BM BATS+
(00:44 / Allies) elfloard2: dyrands
(00:47 / Allies) elfloard2: dyrads
(02:48 / Allies) Killroy: morts casters
(03:17 / All) sc2no.wc4yes: brazilians mothers have hairy stomachs
(03:25 / All) FWisfatworth: I agree.
(03:26 / Allies) Killroy: help with expo?
(03:35 / Allies) WC_WOLF: K
(05:01 / Allies) elfloard2: why no assistance?
(05:03 / Allies) elfloard2: wtf
(05:08 / Allies) sc2no.wc4yes: because its one hero
(05:10 / Allies) sc2no.wc4yes: i have other stuff to do
(05:12 / Allies) elfloard2: so what?
(06:23 / Allies) elfloard2: no help but u want to use my wells?
(10:53 / Allies) WC_WOLF: ITEM
(12:37 / Allies) Killroy: lol
(13:06 / All) ggyy1: dioe
(14:02 / Allies) sc2no.wc4yes: need aa
(14:06 / Allies) sc2no.wc4yes: bat his chims
(14:45 / Allies) sc2no.wc4yes: bats pls
(17:25 / Allies) sc2no.wc4yes: shoot his morts
(17:27 / Allies) sc2no.wc4yes: with your motrts
(19:31 / Allies) sc2no.wc4yes: bat ghim
(19:57 / Allies) WC_WOLF: NICE
(23:36 / Allies) elfloard2: move the tre guy
(23:41 / Allies) elfloard2: away from my base
(23:47 / Allies) elfloard2: ur fking up the architecture
(23:52 / Allies) WC_WOLF: REDY
(24:01 / Allies) WC_WOLF: COMING
(26:40 / All) elfloard2: gg
(29:12 / Allies) WC_WOLF: NEED GOLD PLZZZZZZZZZ
(30:35 / Allies) WC_WOLF: GOO ALLLLL
(30:42 / Allies) WC_WOLF: GOLD PLZZZ
(32:35 / Allies) WC_WOLF: GOLLDDDDDD
(32:37 / Allies) WC_WOLF: FUCK
(33:21 / Allies) WC_WOLF: NO TOWER ORANGE
(33:25 / Allies) WC_WOLF: UNITSSSS
(33:27 / Allies) WC_WOLF: FUCK
(34:01 / Allies) WC_WOLF: NEED A GOLDDDDD
(34:06 / Allies) elfloard2: for what?
(34:13 / Allies) WC_WOLF: FOR MY HERO
(35:08 / Allies) WC_WOLF: ORANGE GOOOOOOOOOO
(37:02 / Allies) WC_WOLF: 400 GOLD PLZ FORD EXPANSD
(37:16 / All) elfloard2: LOL
(37:17 / All) elfloard2: GG
(37:27 / All) elfloard2: love killing strafers
(37:28 / Allies) WC_WOLF: ORANGE GOLDDDD
(37:56 / Allies) elfloard2: send air
(40:30 / Allies) WC_WOLF: ORANGEEEEEEEEEE GOLDDDDDDDDD FUCKKKKKKKKKKKKKKKKK
(40:31 / All) sc2no.wc4yes: TO THOSE THAT HAVE MUCH
(40:33 / All) sc2no.wc4yes: MORE WILL BE GIVEN
(40:35 / Allies) WC_WOLF: GOLDDDDDDDDDDD
(40:36 / All) sc2no.wc4yes: AND FOR THOSE WHO HAVE LITTLE
(40:39 / All) sc2no.wc4yes: ALLW ILL BE TAKEN AWAY
(40:42 / Allies) WC_WOLF: GOLDDDDDDD
(40:49 / Allies) WC_WOLF: YOU HAVE A GOLDDDDDDDDD
(40:49 / Allies) elfloard2: oj, can u distribute some gold or not
(41:00 / Allies) WC_WOLF: WE LOSE
(41:09 / Allies) WC_WOLF: GOLDDDDDDDDDDDDDDD ORAGE
(41:17 / Allies) WC_WOLF: GOOLDDDDDDDDDDDDDDDDDDDDDDDDDDDDDDDDDDDDDDDDDDDDDDDDDDDDDD
(41:25 / Allies) WC_WOLF: GODDDDDDDDDDDDDDDDDDDDDDDDDDDDDDDDDDDDDDDDDDDDDDDDDDDDDDDDDDDDDDDDDDDDDDDDDDD
(41:36 / Allies) WC_WOLF: FUKING NOOOBBBBBBBBBBBBBBBBBBBBBBBBBBBBBBBBBBBBBBBBBBBBBBBBBBBBBB GOLDDDDDDDDDDDDDDDDDDDDDDDDDDDDDDDDDDDDDDDDDDDDDDD
(41:53 / Allies) elfloard2: red
(41:54 / Allies) elfloard2: stop
(41:58 / Allies) elfloard2: he isnt responding bro
(42:01 / Allies) WC_WOLF: GOLDDDDDDDDDDDDDDDDDDDDDDDDD
(42:04 / Allies) elfloard2: bro
(42:05 / Allies) elfloard2: he knows
(42:11 / Allies) WC_WOLF: HES FUKING NOOOB
(42:18 / Allies) elfloard2: kk
(42:23 / Allies) WC_WOLF: NO BATSSSSSSSSS
(42:31 / Allies) WC_WOLF: HESSS NOOBBBBBBB
(42:49 / Allies) WC_WOLF: 21415 A GOLD ORANGE
(42:52 / Allies) elfloard2: red
(42:56 / Allies) elfloard2: no need to spam
(43:43 / All) sc2no.wc4yes: GOLD PLS
(43:44 / Allies) WC_WOLF: GOLD NOOOOB FOR MY HEROSSSSSSSSS
(44:05 / All) FWisfatworth: teabag
(44:07 / Allies) WC_WOLF: GOLDDDDD
(44:18 / Allies) WC_WOLF: GOLDDDDDDDDDDDDDDDDDDDDDDDDDDDDDDDDDDDDDDDDDDDDDDDDDDDDDDDDDDDDDDDDDDDDDDDDDDDDDDDDDDDDDDDDDDDDDDDDDDDDDDDDDDDDDDDDDDDDDDDDDDDD
(44:22 / Allies) WC_WOLF: NOBBBBBBBBBBBBBBBBBBBB
(44:34 / Allies) WC_WOLF: HEEES A NOOOOBBBBBBBBBB
(44:41 / Allies) WC_WOLF: FUKINGGGGGG GAYYYYYYYYYYYYYYYYYY
(44:49 / Allies) WC_WOLF: KISS SM Y ASSSSS IDIOT
(44:56 / All) sc2no.wc4yes: THIS THANKSGIVING I AM MOST GRATEFUL
(44:58 / All) sc2no.wc4yes: FOPR MY 20000 GOLD
(45:13 / Allies) WC_WOLF: YOUR A SUPIDDDD
(45:17 / Allies) elfloard2: red
(45:19 / Allies) elfloard2: stfup?
(45:20 / Allies) WC_WOLF: FIREST
(45:32 / Allies) WC_WOLF: IDIOT MINE FIRST
(45:40 / Allies) WC_WOLF: MOVE NOOOOB
(46:09 / Allies) WC_WOLF: KILLL
(46:13 / Allies) WC_WOLF: IDIOT MOVEEEEEE
(46:18 / Allies) WC_WOLF: MOVE
(46:24 / Allies) elfloard2: red
(46:24 / Allies) elfloard2: stfu
(46:25 / Allies) WC_WOLF: MOVE FUCK
(46:26 / Allies) elfloard2: plz
(46:28 / Allies) elfloard2: he fking knows
(46:36 / Allies) WC_WOLF: FIRST
(46:41 / Allies) WC_WOLF: NOOOB
(46:47 / Allies) WC_WOLF: O JESUSSSSS
(46:54 / Allies) WC_WOLF: NOOOOB MOVE
(47:03 / Allies) WC_WOLF: FUCK
(47:06 / Allies) WC_WOLF: FIRS
(47:11 / Allies) elfloard2: red ignored
(47:28 / Allies) WC_WOLF: WE WIN
(47:30 / Allies) WC_WOLF: NOOB
(47:46 / Allies) elfloard2: lol green
(47:48 / Allies) elfloard2: hold the fort
(48:03 / Allies) WC_WOLF: BACJKKKK
(48:17 / Allies) WC_WOLF: FINISHHHHHHHHHHHHH
(48:29 / Allies) WC_WOLF: FINISHHHHHH
(48:43 / Allies) WC_WOLF: ATACK STUPID
(48:55 / Allies) WC_WOLF: ORANGE ATACKKKK FUCXK
(49:01 / Allies) WC_WOLF: ATACCKKKK
(49:39 / Allies) elfloard2: dam
(49:41 / Allies) elfloard2: no gold for her
(49:47 / Allies) WC_WOLF: O JESUSSSS HES NOOOB KISS MY ASSSS FUKING IDIOT FINISH THE GAME
(50:00 / Allies) WC_WOLF: IDIOT
(50:11 / Allies) WC_WOLF: HAVE 30 WIVERNM
(50:23 / Allies) WC_WOLF: FINISH STUPID
(50:35 / Allies) WC_WOLF: HAVE A TP NOOOB
(50:43 / Allies) WC_WOLF: NOOOOBB
(51:06 / Allies) WC_WOLF: GREEDISGOOD 999999
(51:12 / Allies) WC_WOLF: LOL
(51:17 / Allies) WC_WOLF: GREEDISGOOD 9999999999
(51:37 / Allies) WC_WOLF: FUKING IDIOT ORANGE YUOR NOOOOBBBBBBBBBBBBBBBBBBBBBBBBBBBBBBBBBBBBBBBBBBBBBBBBBBBBBBBBBBB
(54:22 / Allies) WC_WOLF: I THINK FUKIN NOOB ,FINISH THE GAMEEEEEEEE STUPID
(55:03 / Allies) WC_WOLF: STUPID BAYYYYY
(58:06 / Allies) sc2no.wc4yes: i need advice
(58:08 / Allies) sc2no.wc4yes: what should i do
(64:56 / All) sc2no.wc4yes: GOOD THING YOU KEPT THE BOOTS
(65:07 / All) sc2no.wc4yes: THEYLL KEEP YOUR VFEEET WARM
(65:08 / All) sc2no.wc4yes: IN HELL
(81:29 / Allies) sc2no.wc4yes: GOLD PLZ
(85:09 / All) elfloard2: gg
(85:15 / All) sc2no.wc4yes: USA # 1
(85:30 / All) FWisfatworth: LOLWUT
(85:37 / All) FWisfatworth: NORTH KOREA FOR LIFE, BITCH
(85:46 / All) sc2no.wc4yes: AFK